 Dungeon Crawl Stone Soup version 0.30-a0-250-g41c1d76940 (webtiles) character file.

Game seed: 13571925220506754655

20 drugrobin the Sneak (level 2, 0/26 HPs)
             Began as a Demigod Delver on Oct 13, 2022.
             Slain by a jackal (2 damage)
             ... on level 3 of the Dungeon.
             The game lasted 00:02:12 (287 turns).

drugrobin the Sneak (Demigod Delver)                 Turns: 287, Time: 00:02:13

Health: 0/26       AC:  3    Str: 13    XL:     2   Next: 42%
Magic:  4/4        EV: 12    Int: 12    God:
Gold:   13         SH:  0    Dex: 15    Spells: 1/1 levels left

rFire   . . .      SeeInvis .    a - +1 short sword
rCold   . . .      Faith    .    (no shield)
rNeg    . . .      Spirit   .    b - +0 leather armour
rPois   .          Reflect  .    (no helmet)
rElec   .          Harm     .    (no cloak)
rCorr   .          Rampage  .    (no gloves)
Will    .....                    (no boots)
Stlth   +++.......               (no amulet)
HPRegen 0.24/turn                (no ring)
MPRegen 0.09/turn                (no ring)

@: no status effects
A: high MP 1, forlorn, divine attributes
a: no special abilities


You were on level 3 of the Dungeon.
You visited 1 branch of the dungeon, and saw 3 of its levels.

You collected 13 gold pieces.

Inventory:

Hand Weapons
 a - a +1 short sword (weapon)
Armour
 b - a +0 leather armour (worn)
Wands
 g - a wand of digging (3)
Scrolls
 c - a scroll of fog
 d - a scroll of vulnerability {unknown}
 i - a scroll of amnesia {unknown}


   Skills:
 + Level 3.1 Fighting
 + Level 2.2 Short Blades
 - Level 1.9 Dodging
 - Level 4.6 Stealth


You had one spell level left.
You didn't know any spells.
Your spell library was empty.

Dungeon Overview and Level Annotations

Branches:
Dungeon (5/15)             Temple (0/1) D:4


Innate Abilities, Weirdness & Mutations

You have an increased reservoir of magic. (+10% MP)
You shall have no god before yourself.
Your divine heritage dramatically boosts your attributes as you level up.


Message History

The jackal bites you.
* * * LOW HITPOINT WARNING * * *
You closely miss the jackal.
The jackal is severely wounded.
The jackal bites you but does no damage.
The jackal closely misses you.
You hit the jackal.
You kill the jackal!
The jackal closely misses you.
The goblin unwields a +0 dagger.
The goblin wields a +0 sling.
The goblin shoots a sling bullet.
The sling bullet barely misses you. The jackal closely misses you.
You barely miss the jackal. The jackal closely misses you.
You miss the jackal. The jackal misses you.
The goblin unwields a +0 sling.
The goblin wields a +0 dagger.
The goblin hits you with a +0 dagger.
* * * LOW HITPOINT WARNING * * *
You hit the jackal.
The jackal is moderately wounded.
The jackal barely misses you.
You miss the jackal.
The jackal is moderately wounded.
The jackal closely misses you. The goblin barely misses you.
You hit the goblin.
The goblin is moderately wounded.
The jackal closely misses you. The goblin hits you but does no damage.
The jackal barely misses you.
You hit the goblin.
You kill the goblin!
The jackal bites you.
* * * LOW HITPOINT WARNING * * *
You hit the jackal.
The jackal is heavily wounded.
The jackal bites you.
* * * LOW HITPOINT WARNING * * *
You miss the jackal.
The jackal is heavily wounded.
The jackal bites you but does no damage.
You hit the jackal.
The jackal is severely wounded.
The jackal bites you.
You die...

..'>.#.####### ....# .
.†####.# ....#.. ###
#.# ##......# #.#
##.....h
#.#######.##....
#.........##..# ####
#.##...#####..#
....#####...# ##)##
............# ##@h#
............###...#
###.........+.....####
#.........##.......#
#.........#...†....#
#..................#
...####+####.#########
... ...# .. #..###


You could see a jackal.

Vanquished Creatures
  5 orcs (D:4)
  A giant cockroach (D:3)
  3 jackals (D:3)
  A bat (D:3)
  A frilled lizard (D:3)
  2 goblins
  A rat (D:3)
14 creatures vanquished.

Notes
Turn   | Place    | Note
-------+----------+-------------------------------------------
     0 | D:5      | drugrobin the Demigod Delver began the quest for the Orb.
     0 | D:5      | Reached XP level 1. HP: 18/18 MP: 3/3
    35 | D:5      | Noticed a bullfrog
   148 | D:4      | Reached XP level 2. HP: 23/25 MP: 4/4
   287 | D:3      | Slain by a jackal

Illustrated notes

Levels and vault maps discovered:
D:3:      kennysheep_goblin_castle, layout_basic, serial_bayou_lagoon_a
D:4:      layout_basic, eat_drink_and_be_merry_uskayaw,
          nicolae_hepliaklqana_hippocampus, minmay_temple_entry_waves
D:5:      layout_loops_ring, good_gods_mini_temple

Skill      XL: |  1  2 |
---------------+-------+-----
Short Blades   | 2 |  2.2
Fighting       | 3 |  3.1
Dodging        | |  1.9
Stealth        | |  4.6

Action                   || total
-------------------------++-------
Melee: Short sword       ||    66
  Use: Scroll            ||     3
       Potion            ||     1
 Stab: Sleeping          ||     2
Armor: Leather armour    ||    16
Dodge: Dodged            ||    61

Table legend: (Time is in decaauts)
 A = Elapsed time spent in this place.
 B = Non-inter-level travel time spent in this place.
 C = Inter-level travel time spent in this place.
 D = Time resting spent in this place.
 E = Time spent auto-exploring this place.
 F = Levels seen in this place.
 G = Mean time per level.
                   A        B        C        D        E       F      G
               +--------+--------+--------+--------+--------+-----+--------+
         Total |    266 |    241 |     25 |     15 |     18 |   3 |   88.7 |
       Dungeon |    266 |    241 |     25 |     15 |     18 |   3 |   88.7 |
               +--------+--------+--------+--------+--------+-----+--------+

Top non-repeatable levels by time:
     D:4: 121 daAuts
     D:3: 98 daAuts
     D:5: 47 daAuts
